[ AOE2 MATCH · #474177361 ]
Team RMGeorgians vs Spanish
[ REPLAY ANALYSIS · EXTRACTED FROM THE RECORDED GAME ]
Feudal
14:00
Castle
18:12
Imperial
41:26
| APM avg | 34.0 |
| APM peak | 119 |
| eAPM avg | 22.3 |
| Villagers / military | 156 / 318 |
Focus
⚔️ 30.5% · 🌾 69.5%
Scout Cavalry ×129 · Skirmisher ×116 · Fishing Ship ×58 · Knight ×52 · Trebuchet (Packed) ×5 · Monaspa ×4
Feudal
13:35
Castle
18:19
Imperial
35:01
| APM avg | 20.5 |
| APM peak | 65 |
| eAPM avg | 12.6 |
| Villagers / military | 124 / 231 |
Focus
⚔️ 43.1% · 🌾 56.9%
Genoese Crossbowman ×182 · Unknown (882) ×52 · Skirmisher ×37 · Trebuchet (Packed) ×12 · Fishing Ship ×5
Feudal
14:00
Castle
19:28
Imperial
33:58
| APM avg | 46.6 |
| APM peak | 98 |
| eAPM avg | 22.0 |
| Villagers / military | 135 / 273 |
Focus
⚔️ 42.1% · 🌾 57.9%
Rattan Archer ×143 · Fire Lancer ×44 · Spearman ×29 · Trebuchet (Packed) ×22 · Monk ×19 · Battering Ram ×7
Feudal
13:41
Castle
18:42
Imperial
44:20
| APM avg | 22.5 |
| APM peak | 47 |
| eAPM avg | 15.5 |
| Villagers / military | 169 / 208 |
Focus
⚔️ 35.8% · 🌾 64.2%
Scout Cavalry ×141 · Battle Elephant ×58 · Fishing Ship ×5 · Knight ×4 · Skirmisher ×3 · Scorpion ×2
Feudal
14:36
Castle
23:40
Imperial
44:02
| APM avg | 43.0 |
| APM peak | 70 |
| eAPM avg | 20.6 |
| Villagers / military | 203 / 282 |
Focus
⚔️ 26.7% · 🌾 73.3%
Camel Scout ×118 · Scout Cavalry ×77 · Skirmisher ×47 · Cavalry Archer ×34 · Unknown (2626) ×17 · Trebuchet (Packed) ×6
Feudal
14:00
Castle
17:38
Imperial
39:00
| APM avg | 46.7 |
| APM peak | 89 |
| eAPM avg | 23.8 |
| Villagers / military | 139 / 438 |
Focus
⚔️ 48.0% · 🌾 52.0%
Scout Cavalry ×279 · Conquistador ×82 · Spearman ×64 · Trebuchet (Packed) ×11 · Fishing Ship ×7 · Militia ×1
Feudal
13:04
Castle
16:46
Imperial
36:19
| APM avg | 46.7 |
| APM peak | 86 |
| eAPM avg | 24.4 |
| Villagers / military | 184 / 285 |
Focus
⚔️ 32.8% · 🌾 67.2%
Skirmisher ×192 · Conquistador ×57 · Trebuchet (Packed) ×14 · Monk ×12 · Fishing Ship ×11 · Scorpion ×10
Feudal
12:50
Castle
22:00
Imperial
38:24
| APM avg | 35.1 |
| APM peak | 67 |
| eAPM avg | 24.1 |
| Villagers / military | 181 / 305 |
Focus
⚔️ 26.3% · 🌾 73.7%
Fire Lancer ×215 · Cavalry Archer ×51 · Unknown (882) ×32 · Archer ×17 · Fishing Ship ×10 · Trebuchet (Packed) ×8
Match map
Initial resources + every placement click. Lines = walls · curves = elevation contours. ◆ gold · ⬟ stone · ● berries · ✦ relic · ◌ wall gap
Your base· Open — 8t gap
Don Tani's base· Open — unwalled flank
Ronamdz's base· Open — unwalled flank
Justin Bereber's base· Open — 13t gap
MrTian's base· Open — unwalled flank
ROSHI EL MAESTRO DEL AGE's base· Open — unwalled flank
Felipe !'s base· Open — 11t gap
Alberto "La cabra" Fernandez's base· Open — 12t gap
Smoothed initial terrain · ◌ = detected wall gap · hover for details
Inputs per minute
— El Eslavo del 8 - - Don Tani
Build order — El Eslavo del 8
First 150 of 558 actions detected
| 0:48 | Build | Town Center |
| 0:56 | Build | House |
| 0:59 | Build | Dock |
| 2:58 | Create | Villager (Male) |
| 2:58 | Create | Villager (Male) |
| 2:59 | Create | Villager (Male) |
| 2:59 | Create | Villager (Male) |
| 3:57 | Create | Villager (Male) |
| 4:35 | Create | Villager (Male) |
| 4:53 | Create | Fishing Ship |
| 5:26 | Build | House |
| 5:31 | Create | Villager (Male) |
| 5:32 | Create | Villager (Male) |
| 5:35 | Research | Loom |
| 5:35 | Create | Villager (Male) |
| 5:35 | Create | Villager (Male) |
| 5:36 | Create | Villager (Male) |
| 5:52 | Create | Villager (Male) |
| 6:01 | Build | House |
| 6:12 | Create | Villager (Male) |
| 6:51 | Create | Villager (Male) |
| 6:51 | Create | Villager (Male) |
| 6:56 | Create | Fishing Ship |
| 7:26 | Create | Villager (Male) |
| 7:43 | Create | Villager (Male) |
| 7:43 | Create | Villager (Male) |
| 7:55 | Create | Villager (Male) |
| 7:59 | Create | Fishing Ship |
| 8:15 | Create | Villager (Male) |
| 8:32 | Build | House |
| 8:36 | Create | Villager (Male) |
| 9:04 | Create | Villager (Male) |
| 9:19 | Create | Fishing Ship |
| 9:47 | Build | House |
| 9:50 | Create | Villager (Male) |
| 9:57 | Create | Fishing Ship |
| 10:12 | Create | Villager (Male) |
| 10:41 | Build | Mule Cart |
| 10:54 | Build | Dock |
| 11:30 | Research | Feudal Age |
| 11:31 | Create | Fishing Ship |
| 11:55 | Create | Villager (Male) |
| 11:56 | Create | Villager (Male) |
| 12:21 | Create | Fishing Ship |
| 12:29 | Build | House |
| 14:00 | Age | Feudal Age |
| 14:03 | Build | Blacksmith |
| 14:07 | Build | Mill |
| 14:29 | Create | Villager (Male) |
| 14:32 | Build | House |
| 14:49 | Build | Market |
| 15:19 | Research | Double-Bit Axe |
| 15:24 | Research | Gold Mining |
| 15:31 | Build | House |
| 15:32 | Research | Castle Age |
| 15:46 | Build | Dock |
| 16:38 | Create | Fire Galley |
| 16:43 | Create | Fire Galley ×2 |
| 18:12 | Age | Castle Age |
| 18:17 | Build | Monastery |
| 18:28 | Research | War Galley (upgrade) |
| 18:46 | Create | Monk |
| 18:56 | Build | Monastery |
| 19:35 | Create | Villager (Male) |
| 19:38 | Create | Villager (Male) |
| 19:51 | Build | House |
| 19:52 | Create | Fishing Ship |
| 19:56 | Create | Fishing Ship |
| 19:56 | Create | Villager (Male) |
| 20:01 | Create | Villager (Male) |
| 20:01 | Create | Villager (Male) |
| 20:01 | Create | Villager (Male) |
| 20:12 | Create | Villager (Male) |
| 20:28 | Build | House |
| 20:36 | Research | Sanctity |
| 20:43 | Research | Fletching |
| 21:05 | Build | Siege Workshop |
| 21:08 | Create | Villager (Male) |
| 21:14 | Build | Palisade Wall |
| 21:15 | Build | House |
| 21:17 | Create | Villager (Male) |
| 21:17 | Create | Villager (Male) |
| 21:25 | Create | Fishing Ship |
| 21:58 | Create | Scorpion |
| 22:04 | Build | House |
| 22:14 | Create | Fishing Ship |
| 22:20 | Build | House |
| 22:20 | Create | Villager (Male) |
| 22:25 | Build | Mule Cart |
| 22:40 | Build | House |
| 22:59 | Create | Scorpion |
| 23:19 | Build | Farm |
| 24:33 | Create | Villager (Male) |
| 24:35 | Build | House |
| 24:47 | Build | House |
| 24:52 | Research | Bow Saw |
| 24:53 | Create | Villager (Male) |
| 24:53 | Create | Villager (Male) |
| 25:14 | Build | Outpost |
| 25:21 | Build | Farm |
| 25:22 | Create | Villager (Male) |
| 25:22 | Create | Villager (Male) |
| 25:26 | Build | House |
| 25:50 | Build | Castle |
| 25:58 | Create | Fishing Ship |
| 26:06 | Create | Villager (Male) |
| 26:06 | Create | Villager (Male) |
| 26:21 | Build | Castle |
| 26:31 | Build | Castle |
| 26:39 | Build | House |
| 26:51 | Build | House |
| 27:48 | Create | Villager (Male) |
| 27:48 | Create | Villager (Male) |
| 27:52 | Build | Dock |
| 28:40 | Create | Villager (Male) |
| 29:08 | Create | Fishing Ship |
| 29:11 | Create | Fishing Ship |
| 29:19 | Build | Town Center |
| 29:50 | Build | Mule Cart |
| 29:51 | Create | Villager (Male) |
| 29:51 | Create | Villager (Male) |
| 30:11 | Create | Villager (Male) |
| 30:11 | Create | Villager (Male) |
| 30:13 | Create | Fishing Ship |
| 30:15 | Create | Fishing Ship |
| 30:16 | Create | Fishing Ship |
| 30:17 | Create | Fishing Ship |
| 30:20 | Create | Villager (Male) |
| 30:23 | Create | Villager (Male) |
| 30:48 | Create | Villager (Male) |
| 30:52 | Research | Tech 906 |
| 30:56 | Build | Fish Trap |
| 30:57 | Create | Fishing Ship |
| 31:04 | Create | Villager (Male) |
| 31:04 | Create | Villager (Male) |
| 31:17 | Build | Fish Trap |
| 31:18 | Create | Villager (Male) |
| 31:18 | Create | Villager (Male) |
| 31:21 | Create | Villager (Male) |
| 31:29 | Create | Villager (Male) |
| 31:30 | Create | Villager (Male) |
| 31:30 | Create | Villager (Male) |
| 31:30 | Create | Villager (Male) |
| 31:31 | Create | Villager (Male) |
| 31:44 | Build | Fish Trap |
| 31:54 | Create | Fishing Ship |
| 31:56 | Create | Villager (Male) |
| 31:57 | Create | Villager (Male) |
| 31:58 | Create | Villager (Male) |
| 31:59 | Create | Villager (Male) |
Build order — Don Tani
First 150 of 370 actions detected
| 0:44 | Build | Town Center |
| 2:34 | Build | House |
| 2:47 | Create | Villager (Male) ×4 |
| 2:50 | Research | Loom |
| 3:00 | Build | Dock |
| 3:19 | Build | House |
| 4:52 | Create | Fishing Ship |
| 4:52 | Create | Fishing Ship |
| 5:43 | Create | Fishing Ship |
| 5:44 | Create | Fishing Ship |
| 6:05 | Create | Villager (Male) |
| 6:28 | Create | Villager (Male) |
| 7:03 | Create | Villager (Male) |
| 7:07 | Create | Villager (Male) |
| 7:07 | Create | Villager (Male) |
| 7:08 | Create | Villager (Male) |
| 8:05 | Build | House |
| 9:01 | Create | Villager (Male) ×5 |
| 9:42 | Build | House |
| 10:59 | Build | Mill |
| 11:09 | Build | Lumber Camp |
| 11:25 | Research | Feudal Age |
| 11:26 | Research | Feudal Age |
| 11:44 | Create | Fishing Ship |
| 12:12 | Build | Mining Camp |
| 12:59 | Create | Villager (Male) |
| 12:59 | Create | Villager (Male) |
| 13:24 | Create | Villager (Male) |
| 13:35 | Age | Feudal Age |
| 13:50 | Build | Mill |
| 14:11 | Build | Blacksmith |
| 14:33 | Create | Villager (Male) |
| 15:04 | Build | Market |
| 15:11 | Build | House |
| 15:17 | Build | House |
| 15:39 | Research | Castle Age |
| 17:43 | Create | Villager (Male) |
| 17:49 | Research | Double-Bit Axe |
| 17:58 | Research | Horse Collar |
| 18:08 | Build | Palisade Wall |
| 18:11 | Build | House |
| 18:19 | Age | Castle Age |
| 18:50 | Build | Palisade Wall |
| 19:15 | Create | Villager (Male) |
| 19:16 | Create | Villager (Male) |
| 19:24 | Research | Fletching |
| 20:05 | Build | Town Center |
| 20:25 | Build | House |
| 20:54 | Create | Villager (Male) |
| 20:55 | Create | Villager (Male) |
| 20:55 | Create | Villager (Male) |
| 21:28 | Build | Castle |
| 21:58 | Build | Town Center |
| 22:15 | Create | Villager (Male) |
| 22:15 | Create | Villager (Male) |
| 22:18 | Build | House |
| 22:19 | Build | House |
| 22:23 | Create | Villager (Male) |
| 22:24 | Create | Villager (Male) |
| 22:31 | Research | Horse Collar |
| 22:35 | Build | Farm |
| 22:36 | Build | Farm |
| 22:39 | Build | Farm |
| 22:41 | Build | Farm |
| 22:44 | Build | Farm |
| 22:50 | Create | Villager (Male) |
| 22:50 | Create | Villager (Male) |
| 22:51 | Create | Villager (Male) |
| 23:13 | Build | Farm |
| 23:18 | Build | House |
| 23:31 | Build | House |
| 23:45 | Create | Genoese Crossbowman |
| 23:45 | Create | Genoese Crossbowman |
| 23:47 | Create | Villager (Male) |
| 23:54 | Create | Villager (Male) |
| 24:33 | Build | University |
| 24:35 | Create | Villager (Male) |
| 24:35 | Create | Villager (Male) |
| 24:43 | Build | Farm |
| 24:45 | Build | Farm |
| 24:55 | Create | Genoese Crossbowman |
| 24:56 | Create | Genoese Crossbowman |
| 25:00 | Create | Villager (Male) |
| 25:00 | Create | Villager (Male) |
| 25:28 | Create | Villager (Male) |
| 25:29 | Create | Villager (Male) |
| 25:30 | Create | Genoese Crossbowman |
| 25:30 | Create | Genoese Crossbowman |
| 25:34 | Create | Genoese Crossbowman |
| 25:49 | Create | Genoese Crossbowman |
| 25:59 | Create | Villager (Male) |
| 25:59 | Create | Villager (Male) |
| 26:33 | Create | Villager (Male) |
| 26:33 | Create | Villager (Male) |
| 26:36 | Build | House |
| 26:39 | Research | Ballistics |
| 26:45 | Build | Farm |
| 27:17 | Create | Villager (Male) ×2 |
| 27:20 | Build | House |
| 27:27 | Build | Mill |
| 27:34 | Build | Barracks |
| 27:36 | Create | Villager (Male) |
| 27:36 | Create | Villager (Male) |
| 28:18 | Create | Villager (Male) |
| 28:18 | Create | Villager (Male) |
| 28:18 | Create | Villager (Male) |
| 28:31 | Build | Farm |
| 28:32 | Build | Farm |
| 28:32 | Build | Farm |
| 28:33 | Build | Farm |
| 28:33 | Build | Farm |
| 29:09 | Create | Genoese Crossbowman |
| 29:09 | Create | Genoese Crossbowman |
| 29:25 | Build | Mill |
| 29:30 | Create | Villager (Male) |
| 29:30 | Create | Villager (Male) |
| 29:31 | Create | Villager (Male) |
| 29:32 | Create | Genoese Crossbowman |
| 29:32 | Create | Genoese Crossbowman |
| 29:49 | Research | Bodkin Arrow |
| 29:50 | Research | Padded Archer Armor |
| 29:54 | Build | House |
| 30:16 | Create | Genoese Crossbowman |
| 30:16 | Create | Genoese Crossbowman |
| 30:17 | Create | Genoese Crossbowman |
| 30:24 | Create | Villager (Male) |
| 30:24 | Create | Villager (Male) |
| 30:24 | Create | Villager (Male) |
| 30:33 | Build | Castle |
| 30:39 | Build | Archery Range |
| 30:55 | Build | Mining Camp |
| 31:42 | Build | House |
| 31:51 | Research | Imperial Age |
| 31:57 | Build | Mining Camp |
| 32:57 | Create | Villager (Male) |
| 32:57 | Create | Villager (Male) |
| 32:57 | Create | Villager (Male) |
| 33:02 | Research | Wheelbarrow |
| 33:02 | Research | Town Watch |
| 33:15 | Build | House |
| 33:16 | Build | House |
| 33:18 | Build | House |
| 33:21 | Build | Farm |
| 33:32 | Build | Siege Workshop |
| 33:39 | Build | Farm |
| 33:42 | Build | Farm |
| 33:45 | Build | Farm |
| 33:48 | Build | Farm |
| 33:50 | Create | Villager (Male) |
| 33:51 | Create | Villager (Male) |
Build order — Ronamdz
First 150 of 529 actions detected
| 0:23 | Build | Town Center |
| 2:43 | Create | Villager (Male) |
| 2:46 | Create | Villager (Male) |
| 2:46 | Create | Villager (Male) |
| 3:07 | Create | Villager (Male) |
| 3:16 | Build | Dock |
| 3:21 | Build | House |
| 3:43 | Research | Loom |
| 3:53 | Create | Villager (Male) |
| 3:54 | Create | Villager (Male) |
| 4:27 | Create | Fishing Ship |
| 5:52 | Create | Villager (Male) |
| 5:58 | Build | House |
| 6:35 | Create | Villager (Male) |
| 6:36 | Create | Villager (Male) |
| 6:56 | Create | Villager (Male) |
| 7:23 | Create | Villager (Male) |
| 7:25 | Create | Fishing Ship |
| 8:02 | Create | Villager (Male) |
| 8:08 | Build | House |
| 8:25 | Create | Villager (Male) |
| 8:38 | Create | Villager (Male) |
| 8:56 | Create | Villager (Male) |
| 9:01 | Create | Fishing Ship |
| 9:42 | Create | Villager (Male) |
| 9:48 | Create | Fishing Ship |
| 10:01 | Build | House |
| 10:41 | Build | Mill |
| 10:55 | Create | Villager (Male) |
| 11:03 | Create | Villager (Male) |
| 11:28 | Research | Feudal Age |
| 12:02 | Build | Mining Camp |
| 13:32 | Build | Lumber Camp |
| 14:00 | Age | Feudal Age |
| 14:04 | Create | Villager (Male) |
| 14:04 | Create | Villager (Male) |
| 14:41 | Build | Market |
| 14:46 | Create | Villager (Male) |
| 15:00 | Build | House |
| 15:06 | Research | Town Watch |
| 15:13 | Create | Villager (Male) |
| 15:46 | Create | Villager (Male) |
| 16:05 | Build | Blacksmith |
| 16:09 | Build | House |
| 16:15 | Create | Villager (Male) |
| 16:24 | Research | Double-Bit Axe |
| 16:48 | Research | Castle Age |
| 16:53 | Research | Stone Mining |
| 17:07 | Build | Stone Wall |
| 17:36 | Build | Farm |
| 17:38 | Build | Farm |
| 17:42 | Build | Farm |
| 17:51 | Research | Horse Collar |
| 18:25 | Research | Fletching |
| 18:34 | Build | Gate |
| 18:42 | Research | Gold Mining |
| 19:07 | Build | Farm |
| 19:11 | Build | House |
| 19:20 | Build | Barracks |
| 19:25 | Research | Padded Archer Armor |
| 19:28 | Age | Castle Age |
| 19:30 | Create | Villager (Male) |
| 19:30 | Create | Villager (Male) |
| 19:45 | Create | Villager (Male) |
| 19:45 | Create | Villager (Male) |
| 20:23 | Create | Villager (Male) |
| 20:24 | Create | Villager (Male) |
| 20:24 | Create | Villager (Male) |
| 20:44 | Build | Stone Wall |
| 20:50 | Create | Villager (Male) |
| 20:51 | Create | Villager (Male) |
| 21:22 | Build | Castle |
| 21:26 | Create | Villager (Male) |
| 21:27 | Create | Villager (Male) |
| 21:33 | Build | Farm |
| 21:33 | Build | Farm |
| 21:33 | Build | Farm |
| 21:34 | Build | Farm |
| 21:34 | Build | Farm |
| 21:45 | Build | Gate |
| 21:50 | Build | Stone Wall |
| 21:55 | Create | Villager (Male) |
| 22:10 | Build | Stone Wall |
| 22:22 | Create | Villager (Male) |
| 22:25 | Research | Leather Archer Armor |
| 22:44 | Build | Monastery |
| 22:47 | Create | Villager (Male) |
| 22:47 | Create | Villager (Male) |
| 22:49 | Create | Rattan Archer |
| 22:49 | Create | Rattan Archer |
| 22:50 | Create | Rattan Archer |
| 22:50 | Create | Rattan Archer |
| 22:50 | Create | Rattan Archer |
| 23:25 | Create | Villager (Male) |
| 23:26 | Create | Villager (Male) |
| 23:47 | Create | Rattan Archer |
| 23:47 | Create | Rattan Archer |
| 23:57 | Create | Rattan Archer |
| 23:57 | Create | Rattan Archer |
| 24:04 | Create | Monk |
| 24:17 | Build | Farm |
| 24:20 | Build | Farm |
| 24:32 | Create | Villager (Male) |
| 24:33 | Create | Villager (Male) |
| 24:54 | Create | Rattan Archer |
| 25:23 | Create | Rattan Archer |
| 26:10 | Create | Rattan Archer |
| 26:10 | Create | Rattan Archer |
| 26:19 | Create | Villager (Male) |
| 26:20 | Create | Villager (Male) |
| 26:25 | Create | Villager (Male) |
| 26:25 | Create | Villager (Male) |
| 26:32 | Create | Rattan Archer |
| 26:32 | Create | Rattan Archer |
| 26:39 | Create | Villager (Male) |
| 26:39 | Create | Villager (Male) |
| 26:43 | Build | House |
| 26:56 | Build | House |
| 27:06 | Create | Villager (Male) |
| 27:06 | Create | Villager (Male) |
| 27:28 | Build | House |
| 27:33 | Create | Villager (Male) |
| 27:33 | Create | Villager (Male) |
| 27:55 | Create | Monk |
| 27:55 | Create | Monk |
| 27:55 | Create | Monk |
| 28:11 | Build | Siege Workshop |
| 28:23 | Create | Rattan Archer |
| 28:27 | Create | Villager (Male) |
| 28:56 | Build | Castle |
| 28:59 | Create | Mangonel |
| 29:31 | Build | Monastery |
| 29:37 | Build | Castle |
| 29:59 | Create | Monk |
| 29:59 | Create | Monk |
| 30:02 | Build | House |
| 30:48 | Research | Imperial Age |
| 30:56 | Create | Rattan Archer |
| 30:56 | Create | Rattan Archer |
| 31:23 | Create | Villager (Male) |
| 31:24 | Create | Villager (Male) |
| 31:24 | Create | Villager (Male) |
| 31:46 | Create | Mangonel |
| 31:54 | Research | Bodkin Arrow |
| 32:26 | Create | Villager (Male) |
| 32:26 | Create | Villager (Male) |
| 33:58 | Age | Imperial Age |
| 34:07 | Create | Monk |
| 34:07 | Create | Monk |
| 34:07 | Create | Monk |
Build order — Justin Bereber
First 150 of 570 actions detected
| 0:36 | Build | Town Center |
| 1:28 | Build | Dock |
| 1:30 | Build | House |
| 2:57 | Create | Villager (Male) |
| 2:58 | Create | Villager (Male) |
| 2:58 | Create | Villager (Male) |
| 2:59 | Create | Villager (Male) |
| 2:59 | Create | Villager (Male) |
| 4:38 | Create | Villager (Male) |
| 4:38 | Create | Villager (Male) |
| 5:13 | Create | Villager (Male) |
| 5:30 | Create | Villager (Male) |
| 5:59 | Research | Loom |
| 6:05 | Create | Fishing Ship |
| 6:08 | Build | House |
| 6:20 | Build | House |
| 6:34 | Create | Villager (Male) |
| 6:34 | Create | Villager (Male) |
| 7:15 | Create | Villager (Male) |
| 7:48 | Create | Villager (Male) |
| 7:50 | Create | Fishing Ship |
| 8:18 | Create | Villager (Male) |
| 8:41 | Create | Fishing Ship |
| 8:47 | Build | House |
| 8:54 | Create | Fishing Ship |
| 8:59 | Create | Villager (Male) |
| 8:59 | Create | Villager (Male) |
| 9:31 | Create | Villager (Male) |
| 9:32 | Create | Villager (Male) |
| 9:32 | Create | Villager (Male) |
| 9:46 | Build | Mill |
| 9:51 | Build | Mill |
| 10:00 | Create | Villager (Male) |
| 10:25 | Create | Villager (Male) |
| 11:04 | Create | Villager (Male) |
| 11:08 | Build | Mining Camp |
| 11:31 | Research | Feudal Age |
| 11:55 | Create | Fishing Ship |
| 12:42 | Build | Outpost |
| 13:17 | Build | Mill |
| 13:27 | Build | House |
| 13:41 | Age | Feudal Age |
| 13:44 | Create | Villager (Male) |
| 13:49 | Build | Market |
| 13:53 | Build | Blacksmith |
| 14:00 | Create | Villager (Male) |
| 14:31 | Build | Lumber Camp |
| 14:56 | Create | Villager (Male) |
| 15:26 | Build | Farm |
| 15:27 | Build | Farm |
| 15:29 | Build | Farm |
| 16:02 | Research | Castle Age |
| 16:02 | Research | Castle Age |
| 16:32 | Build | Outpost |
| 16:35 | Create | Villager (Male) |
| 17:08 | Create | Villager (Male) |
| 17:11 | Research | Double-Bit Axe |
| 17:16 | Research | Horse Collar |
| 18:00 | Build | Farm |
| 18:02 | Build | Farm |
| 18:41 | Build | Outpost |
| 18:42 | Age | Castle Age |
| 19:02 | Build | Stable |
| 19:25 | Create | Villager (Male) |
| 19:30 | Build | Farm |
| 19:33 | Research | Scale Barding Armor |
| 19:59 | Build | Stable |
| 20:11 | Create | Villager (Male) |
| 20:28 | Build | Farm |
| 20:34 | Create | Villager (Male) |
| 20:41 | Build | House |
| 20:54 | Build | Outpost |
| 20:59 | Create | Villager (Male) |
| 21:11 | Build | House |
| 21:13 | Build | House |
| 21:17 | Research | Town Watch |
| 21:21 | Create | Villager (Male) |
| 21:47 | Research | Bloodlines |
| 21:47 | Research | Husbandry |
| 21:51 | Research | Chain Barding Armor |
| 22:12 | Build | Stable |
| 22:30 | Build | Town Center |
| 22:33 | Create | Villager (Male) |
| 22:38 | Build | House |
| 22:49 | Create | Villager (Male) |
| 22:49 | Create | Villager (Male) |
| 23:23 | Build | House |
| 23:27 | Create | Villager (Male) |
| 23:38 | Build | Farm |
| 23:48 | Build | Monastery |
| 23:51 | Build | House |
| 23:54 | Create | Villager (Male) |
| 23:57 | Build | House |
| 24:34 | Create | Villager (Male) |
| 24:34 | Create | Villager (Male) |
| 24:48 | Build | House |
| 25:17 | Create | Villager (Male) |
| 25:18 | Create | Villager (Male) |
| 25:19 | Build | Mining Camp |
| 25:23 | Build | Farm |
| 25:24 | Create | Villager (Male) |
| 25:25 | Create | Villager (Male) |
| 25:42 | Build | Siege Workshop |
| 25:59 | Create | Villager (Male) |
| 25:59 | Create | Villager (Male) |
| 26:17 | Create | Scorpion |
| 26:28 | Build | Farm |
| 26:32 | Build | Farm |
| 26:35 | Build | Farm |
| 26:38 | Build | Farm |
| 26:41 | Build | Farm |
| 26:44 | Build | Farm |
| 26:45 | Create | Villager (Male) |
| 26:45 | Create | Villager (Male) |
| 26:59 | Create | Battle Elephant |
| 27:08 | Build | Farm |
| 27:12 | Build | House |
| 27:14 | Create | Villager (Male) |
| 27:25 | Create | Knight |
| 27:35 | Create | Battle Elephant |
| 27:44 | Create | Scorpion |
| 27:58 | Create | Villager (Male) |
| 27:58 | Create | Villager (Male) |
| 28:07 | Build | Farm |
| 28:11 | Create | Battle Elephant |
| 28:16 | Create | Villager (Male) |
| 28:28 | Build | Farm |
| 28:30 | Create | Villager (Male) |
| 29:03 | Create | Battle Elephant |
| 29:04 | Create | Battle Elephant |
| 29:26 | Create | Villager (Male) |
| 29:27 | Create | Villager (Male) |
| 29:29 | Build | House |
| 29:30 | Create | Villager (Male) |
| 29:46 | Build | Town Center |
| 29:49 | Create | Villager (Male) |
| 30:21 | Research | Light Cavalry (upgrade) |
| 30:23 | Create | Scout Cavalry |
| 30:27 | Build | House |
| 30:35 | Create | Villager (Male) |
| 30:36 | Create | Villager (Male) |
| 30:55 | Create | Scout Cavalry |
| 31:01 | Build | House |
| 31:20 | Create | Scout Cavalry |
| 31:21 | Create | Scout Cavalry |
| 31:21 | Create | Scout Cavalry |
| 31:36 | Create | Scout Cavalry |
| 31:41 | Create | Villager (Male) |
| 31:49 | Build | Mill |
| 31:51 | Build | Farm |
Build order — MrTian
First 150 of 533 actions detected
| 0:54 | Build | House |
| 0:59 | Build | Dock |
| 1:34 | Build | Dock |
| 1:42 | Build | Dock |
| 1:49 | Build | Town Center |
| 3:53 | Create | Villager (Male) |
| 3:53 | Create | Villager (Male) |
| 4:47 | Create | Villager (Male) |
| 4:48 | Create | Villager (Male) |
| 4:48 | Create | Villager (Male) |
| 5:06 | Create | Villager (Male) |
| 5:07 | Research | Loom |
| 5:20 | Create | Fishing Ship |
| 5:49 | Create | Villager (Male) |
| 5:56 | Build | House |
| 6:26 | Create | Villager (Male) |
| 6:47 | Create | Fishing Ship |
| 6:55 | Create | Villager (Male) |
| 6:56 | Create | Villager (Male) |
| 6:56 | Create | Villager (Male) |
| 7:31 | Create | Fishing Ship |
| 7:59 | Create | Villager (Male) |
| 8:00 | Create | Villager (Male) |
| 8:01 | Create | Villager (Male) |
| 8:25 | Build | House |
| 8:31 | Create | Villager (Male) |
| 8:32 | Create | Villager (Male) |
| 8:46 | Create | Fishing Ship |
| 9:26 | Create | Villager (Male) |
| 9:31 | Build | Mill |
| 9:48 | Build | Mill |
| 9:58 | Create | Villager (Male) |
| 10:03 | Build | House |
| 10:35 | Create | Villager (Male) |
| 10:35 | Create | Villager (Male) |
| 10:52 | Create | Villager (Male) |
| 10:52 | Create | Villager (Male) |
| 11:12 | Create | Fishing Ship |
| 11:21 | Create | Villager (Male) |
| 11:22 | Create | Villager (Male) |
| 11:30 | Create | Villager (Male) |
| 12:13 | Create | Villager (Male) |
| 12:18 | Build | House |
| 12:26 | Research | Feudal Age |
| 12:27 | Research | Feudal Age |
| 13:08 | Build | Mining Camp |
| 13:45 | Create | Villager (Male) |
| 13:45 | Create | Villager (Male) |
| 14:01 | Build | Dock |
| 14:07 | Build | House |
| 14:08 | Build | House |
| 14:21 | Create | Villager (Male) |
| 14:25 | Build | Lumber Camp |
| 14:36 | Age | Feudal Age |
| 15:13 | Create | Trade Cog |
| 15:14 | Create | Trade Cog |
| 15:28 | Create | Villager (Male) |
| 15:53 | Research | Double-Bit Axe |
| 15:53 | Research | Double-Bit Axe |
| 16:20 | Create | Unit 2626 |
| 16:20 | Create | Unit 2626 |
| 16:20 | Create | Unit 2626 |
| 16:21 | Create | Unit 2626 |
| 16:24 | Create | Villager (Male) |
| 16:24 | Create | Villager (Male) |
| 16:56 | Build | Blacksmith |
| 16:58 | Create | Villager (Male) |
| 17:16 | Create | Unit 2626 |
| 17:16 | Create | Unit 2626 |
| 17:22 | Create | Villager (Male) |
| 17:30 | Create | Unit 2626 |
| 17:30 | Create | Unit 2626 |
| 17:31 | Create | Villager (Male) |
| 18:20 | Create | Villager (Male) |
| 18:32 | Build | House |
| 18:42 | Build | Pasture |
| 18:49 | Build | Pasture |
| 18:53 | Build | House |
| 18:54 | Build | House |
| 18:54 | Build | House |
| 18:58 | Build | House |
| 19:10 | Create | Unit 2626 |
| 19:10 | Create | Unit 2626 |
| 19:11 | Create | Unit 2626 |
| 19:11 | Create | Unit 2626 |
| 19:12 | Create | Villager (Male) |
| 19:13 | Create | Villager (Male) |
| 19:29 | Build | Market |
| 20:03 | Create | Villager (Male) |
| 20:13 | Research | Fletching |
| 20:20 | Build | House |
| 20:23 | Research | Forging |
| 20:24 | Research | Forging |
| 20:38 | Build | House |
| 20:42 | Create | Unit 2626 |
| 20:42 | Create | Unit 2626 |
| 20:43 | Create | Unit 2626 |
| 20:43 | Create | Unit 2626 |
| 20:43 | Create | Unit 2626 |
| 21:00 | Research | Castle Age |
| 21:54 | Build | House |
| 22:09 | Build | House |
| 22:15 | Build | Pasture |
| 22:22 | Build | Barracks |
| 22:34 | Research | Fletching |
| 22:44 | Research | Tech 1014 |
| 22:47 | Create | Villager (Male) |
| 23:09 | Build | Outpost |
| 23:14 | Build | Archery Range |
| 23:40 | Age | Castle Age |
| 23:41 | Build | Archery Range |
| 23:46 | Build | House |
| 23:48 | Create | Villager (Male) |
| 23:53 | Build | Palisade Wall |
| 24:59 | Create | Villager (Male) |
| 24:59 | Create | Villager (Male) |
| 25:00 | Create | Villager (Male) |
| 25:08 | Build | House |
| 25:11 | Build | Palisade Wall |
| 25:13 | Build | Palisade Wall |
| 25:38 | Create | Villager (Male) |
| 26:28 | Build | Town Center |
| 26:37 | Create | Villager (Male) |
| 26:37 | Create | Villager (Male) |
| 26:38 | Create | Villager (Male) |
| 27:26 | Create | Villager (Male) |
| 27:26 | Create | Villager (Male) |
| 28:11 | Create | Villager (Male) |
| 28:21 | Create | Villager (Male) |
| 28:29 | Build | Town Center |
| 28:37 | Create | Cavalry Archer |
| 28:38 | Create | Cavalry Archer |
| 28:38 | Create | Cavalry Archer |
| 28:39 | Create | Cavalry Archer |
| 28:40 | Create | Villager (Male) |
| 28:40 | Create | Villager (Male) |
| 28:46 | Build | House |
| 28:50 | Build | House |
| 29:14 | Create | Villager (Male) |
| 29:16 | Create | Villager (Male) |
| 29:16 | Create | Villager (Male) |
| 29:16 | Create | Villager (Male) |
| 29:26 | Build | Archery Range |
| 29:57 | Create | Cavalry Archer |
| 29:57 | Create | Cavalry Archer |
| 29:58 | Create | Villager (Male) |
| 29:58 | Create | Villager (Male) |
| 30:14 | Create | Cavalry Archer |
| 30:14 | Create | Cavalry Archer |
| 30:15 | Create | Cavalry Archer |
Build order — ROSHI EL MAESTRO DEL AGE
First 150 of 745 actions detected
| 0:21 | Build | House |
| 0:47 | Build | Town Center |
| 1:54 | Build | Dock |
| 2:56 | Create | Villager (Male) |
| 2:56 | Create | Villager (Male) |
| 2:57 | Create | Villager (Male) |
| 2:57 | Create | Villager (Male) |
| 3:42 | Research | Loom |
| 3:45 | Create | Villager (Male) |
| 3:46 | Create | Villager (Male) |
| 4:38 | Create | Villager (Male) |
| 4:53 | Create | Fishing Ship |
| 5:06 | Build | House |
| 5:11 | Create | Villager (Male) |
| 5:49 | Create | Villager (Male) |
| 6:06 | Create | Fishing Ship |
| 6:24 | Create | Villager (Male) |
| 6:50 | Create | Villager (Male) |
| 7:13 | Create | Villager (Male) |
| 7:15 | Create | Fishing Ship |
| 7:18 | Build | House |
| 7:35 | Create | Villager (Male) |
| 7:50 | Build | House |
| 7:52 | Create | Villager (Male) |
| 8:17 | Create | Villager (Male) |
| 8:21 | Build | House |
| 8:24 | Create | Fishing Ship |
| 8:45 | Create | Villager (Male) |
| 8:52 | Create | Villager (Male) |
| 8:54 | Create | Fishing Ship |
| 9:31 | Create | Villager (Male) |
| 9:41 | Create | Villager (Male) |
| 9:51 | Create | Fishing Ship |
| 10:20 | Create | Villager (Male) |
| 10:33 | Create | Fishing Ship |
| 10:34 | Create | Villager (Male) |
| 11:03 | Create | Villager (Male) |
| 11:07 | Build | Mining Camp |
| 11:41 | Build | Mill |
| 11:46 | Research | Feudal Age |
| 12:37 | Build | Mining Camp |
| 13:26 | Build | House |
| 14:00 | Age | Feudal Age |
| 14:03 | Create | Villager (Male) |
| 14:03 | Create | Villager (Male) |
| 14:13 | Build | Market |
| 14:22 | Build | Blacksmith |
| 14:58 | Research | Castle Age |
| 15:34 | Build | House |
| 15:52 | Build | Lumber Camp |
| 16:02 | Create | Demolition Raft |
| 17:15 | Research | Double-Bit Axe |
| 17:38 | Age | Castle Age |
| 17:44 | Create | Villager (Male) |
| 17:44 | Create | Villager (Male) |
| 18:03 | Create | Villager (Male) |
| 18:34 | Build | Castle |
| 18:41 | Build | Mining Camp |
| 19:05 | Create | Villager (Male) |
| 19:07 | Create | Villager (Male) |
| 19:12 | Research | Horse Collar |
| 19:19 | Build | Farm |
| 19:21 | Research | Padded Archer Armor |
| 19:25 | Build | Farm |
| 19:26 | Create | Conquistador |
| 19:27 | Create | Conquistador |
| 19:31 | Build | Farm |
| 19:35 | Build | Farm |
| 19:39 | Build | Farm |
| 19:40 | Create | Villager (Male) |
| 19:40 | Create | Villager (Male) |
| 19:43 | Build | Farm |
| 19:46 | Build | Farm |
| 19:59 | Build | Farm |
| 20:00 | Build | Farm |
| 20:01 | Build | Farm |
| 20:03 | Create | Villager (Male) |
| 20:08 | Create | Conquistador |
| 20:16 | Create | Conquistador |
| 20:16 | Create | Conquistador |
| 20:25 | Research | Leather Archer Armor |
| 20:36 | Create | Conquistador |
| 20:53 | Build | House |
| 21:02 | Create | Villager (Male) |
| 21:10 | Create | Conquistador |
| 21:27 | Build | Barracks |
| 21:33 | Create | Conquistador |
| 21:51 | Create | Conquistador |
| 21:53 | Create | Villager (Male) |
| 21:57 | Build | Farm |
| 22:00 | Build | Farm |
| 22:13 | Create | Conquistador |
| 22:19 | Create | Villager (Male) |
| 22:22 | Build | Stable |
| 22:32 | Create | Conquistador |
| 22:57 | Create | Villager (Male) |
| 22:59 | Create | Conquistador |
| 23:10 | Create | Villager (Male) |
| 23:23 | Create | Villager (Male) |
| 24:20 | Create | Villager (Male) |
| 24:20 | Create | Villager (Male) |
| 24:21 | Create | Villager (Male) |
| 24:21 | Create | Villager (Male) |
| 24:27 | Create | Villager (Male) |
| 24:43 | Create | Villager (Male) |
| 24:57 | Build | Town Center |
| 25:08 | Create | Villager (Male) |
| 25:09 | Create | Villager (Male) |
| 25:36 | Create | Villager (Male) |
| 25:39 | Create | Conquistador |
| 25:57 | Build | Farm |
| 25:57 | Build | Farm |
| 25:58 | Build | Farm |
| 25:58 | Build | Farm |
| 25:58 | Build | Farm |
| 25:59 | Build | Farm |
| 25:59 | Build | Farm |
| 25:59 | Build | Farm |
| 26:00 | Build | Farm |
| 26:00 | Build | Farm |
| 26:14 | Create | Conquistador |
| 26:23 | Create | Villager (Male) |
| 26:33 | Create | Villager (Male) |
| 26:42 | Research | Husbandry |
| 26:59 | Create | Villager (Male) |
| 27:02 | Create | Villager (Male) |
| 27:14 | Create | Villager (Male) |
| 27:18 | Create | Villager (Male) |
| 27:30 | Create | Conquistador |
| 27:30 | Create | Conquistador |
| 28:19 | Create | Conquistador |
| 28:20 | Create | Conquistador |
| 28:22 | Create | Villager (Male) |
| 28:31 | Create | Villager (Male) |
| 28:35 | Build | Town Center |
| 28:36 | Create | Villager (Male) |
| 28:38 | Build | House |
| 28:39 | Build | House |
| 28:39 | Build | House |
| 28:58 | Create | Villager (Male) |
| 28:58 | Create | Villager (Male) |
| 29:02 | Create | Conquistador |
| 29:02 | Create | Conquistador |
| 29:04 | Create | Villager (Male) |
| 29:05 | Create | Villager (Male) |
| 29:39 | Create | Villager (Male) |
| 29:39 | Create | Villager (Male) |
| 29:40 | Create | Villager (Male) |
| 29:42 | Create | Villager (Male) |
| 29:43 | Create | Villager (Male) |
Build order — Felipe !
First 150 of 672 actions detected
| 0:27 | Build | Town Center |
| 0:42 | Build | Dock |
| 0:43 | Build | House |
| 2:46 | Create | Villager (Male) |
| 2:46 | Create | Villager (Male) |
| 2:47 | Create | Villager (Male) |
| 2:47 | Create | Villager (Male) |
| 3:49 | Create | Fishing Ship |
| 4:18 | Create | Villager (Male) |
| 4:43 | Build | House |
| 4:47 | Research | Loom |
| 5:09 | Create | Villager (Male) |
| 5:10 | Create | Villager (Male) |
| 5:21 | Create | Fishing Ship |
| 5:53 | Create | Villager (Male) |
| 6:07 | Build | House |
| 6:26 | Create | Fishing Ship |
| 6:29 | Create | Villager (Male) |
| 6:30 | Create | Villager (Male) |
| 6:30 | Create | Villager (Male) |
| 7:07 | Create | Villager (Male) |
| 7:09 | Create | Fishing Ship |
| 7:34 | Build | House |
| 7:54 | Create | Villager (Male) |
| 7:54 | Create | Villager (Male) |
| 8:02 | Create | Fishing Ship |
| 8:30 | Create | Villager (Male) |
| 8:32 | Create | Fishing Ship |
| 9:00 | Build | House |
| 9:01 | Build | House |
| 9:14 | Create | Villager (Male) |
| 9:14 | Create | Villager (Male) |
| 9:37 | Build | Mill |
| 9:42 | Create | Villager (Male) |
| 9:42 | Create | Villager (Male) |
| 10:08 | Create | Villager (Male) |
| 10:40 | Research | Feudal Age |
| 10:52 | Create | Fishing Ship |
| 11:07 | Build | House |
| 11:26 | Build | Dock |
| 12:01 | Create | Fishing Ship |
| 13:04 | Age | Feudal Age |
| 13:07 | Build | Market |
| 13:11 | Build | Blacksmith |
| 13:12 | Create | Villager (Male) |
| 13:32 | Create | Villager (Male) |
| 14:06 | Research | Castle Age |
| 14:06 | Research | Castle Age |
| 14:14 | Build | Lumber Camp |
| 14:34 | Create | Fishing Ship |
| 14:35 | Create | Fishing Ship |
| 15:18 | Build | Dock |
| 15:34 | Build | House |
| 15:43 | Research | Double-Bit Axe |
| 15:43 | Research | Double-Bit Axe |
| 16:09 | Build | House |
| 16:11 | Build | House |
| 16:46 | Age | Castle Age |
| 16:51 | Research | Town Watch |
| 16:51 | Research | Wheelbarrow |
| 17:04 | Research | Bow Saw |
| 17:16 | Build | Castle |
| 17:20 | Create | Villager (Male) |
| 17:52 | Build | Town Center |
| 18:28 | Research | Padded Archer Armor |
| 18:29 | Research | Fletching |
| 18:32 | Create | Villager (Male) |
| 18:32 | Create | Villager (Male) |
| 18:32 | Create | Villager (Male) |
| 18:43 | Create | Conquistador |
| 18:43 | Create | Conquistador |
| 18:48 | Research | Horse Collar |
| 18:48 | Research | Horse Collar |
| 19:10 | Create | Villager (Male) |
| 19:10 | Create | Villager (Male) |
| 19:35 | Build | Farm |
| 19:36 | Build | Farm |
| 19:36 | Build | Farm |
| 19:36 | Build | Farm |
| 19:36 | Build | Farm |
| 19:36 | Build | Farm |
| 19:46 | Create | Conquistador |
| 20:05 | Create | Villager (Male) |
| 20:09 | Create | Conquistador |
| 20:19 | Create | Villager (Male) |
| 20:30 | Create | Villager (Male) |
| 20:45 | Build | Farm |
| 20:46 | Create | Villager (Male) |
| 20:46 | Create | Villager (Male) |
| 21:02 | Create | Conquistador |
| 21:02 | Create | Conquistador |
| 21:11 | Create | Villager (Male) |
| 21:11 | Create | Villager (Male) |
| 21:18 | Build | Monastery |
| 21:29 | Create | Conquistador |
| 21:29 | Create | Conquistador |
| 21:29 | Create | Conquistador |
| 21:48 | Create | Villager (Male) |
| 21:49 | Create | Villager (Male) |
| 21:50 | Create | Villager (Male) |
| 21:56 | Build | Farm |
| 21:57 | Build | Farm |
| 21:57 | Build | Farm |
| 21:58 | Build | Farm |
| 22:04 | Create | Monk |
| 22:21 | Create | Villager (Male) |
| 22:23 | Create | Monk |
| 22:55 | Create | Villager (Male) |
| 23:17 | Create | Conquistador |
| 23:33 | Create | Villager (Male) |
| 23:34 | Create | Villager (Male) |
| 23:34 | Create | Villager (Male) |
| 23:35 | Create | Conquistador |
| 23:35 | Create | Conquistador |
| 23:42 | Build | Mining Camp |
| 23:46 | Create | Villager (Male) |
| 23:57 | Create | Monk |
| 24:09 | Build | Watch Tower |
| 24:41 | Create | Monk |
| 24:47 | Create | Villager (Male) |
| 24:58 | Build | Dock |
| 25:03 | Create | Conquistador |
| 25:03 | Create | Conquistador |
| 25:04 | Create | Conquistador |
| 25:17 | Create | Conquistador |
| 25:17 | Create | Conquistador |
| 25:50 | Create | Conquistador |
| 25:52 | Create | Villager (Male) |
| 25:52 | Create | Villager (Male) |
| 25:52 | Create | Villager (Male) |
| 25:56 | Build | House |
| 25:58 | Build | House |
| 25:59 | Build | House |
| 26:02 | Build | House |
| 26:02 | Build | House |
| 26:11 | Create | Monk |
| 26:11 | Create | Monk |
| 26:32 | Create | Villager (Male) |
| 26:32 | Create | Villager (Male) |
| 26:32 | Create | Villager (Male) |
| 26:32 | Create | Villager (Male) |
| 26:40 | Build | Town Center |
| 26:52 | Build | House |
| 26:53 | Build | House |
| 26:54 | Build | House |
| 26:55 | Build | House |
| 27:02 | Create | Conquistador |
| 27:02 | Create | Conquistador |
| 27:02 | Create | Conquistador |
| 27:21 | Build | Mining Camp |
Build order — Alberto "La cabra" Fernandez
First 150 of 559 actions detected
| 0:05 | Build | Town Center |
| 2:18 | Build | Dock |
| 2:19 | Build | House |
| 2:28 | Create | Villager (Male) |
| 2:29 | Create | Villager (Male) |
| 2:29 | Create | Villager (Male) |
| 2:29 | Create | Villager (Male) |
| 2:29 | Create | Villager (Male) |
| 3:36 | Create | Fishing Ship |
| 3:36 | Create | Fishing Ship |
| 3:57 | Research | Loom |
| 4:13 | Build | House |
| 4:52 | Create | Villager (Male) |
| 4:55 | Create | Fishing Ship |
| 5:09 | Build | House |
| 5:45 | Create | Fishing Ship |
| 5:45 | Create | Fishing Ship |
| 5:45 | Create | Fishing Ship |
| 6:13 | Create | Villager (Male) |
| 6:15 | Create | Fishing Ship |
| 6:45 | Build | House |
| 6:46 | Create | Villager (Male) |
| 6:46 | Create | Villager (Male) |
| 7:11 | Create | Villager (Male) |
| 7:37 | Create | Villager (Male) |
| 7:42 | Create | Fishing Ship |
| 8:00 | Create | Villager (Male) |
| 8:00 | Create | Villager (Male) |
| 8:06 | Build | House |
| 8:15 | Build | Outpost |
| 8:19 | Create | Villager (Male) |
| 8:43 | Create | Fishing Ship |
| 8:43 | Create | Fishing Ship |
| 9:09 | Create | Villager (Male) |
| 9:41 | Create | Villager (Male) |
| 9:45 | Build | Lumber Camp |
| 10:14 | Create | Villager (Male) |
| 10:40 | Research | Feudal Age |
| 11:12 | Build | Mining Camp |
| 11:53 | Build | Barracks |
| 12:03 | Create | Villager (Male) |
| 12:50 | Age | Feudal Age |
| 12:52 | Build | Archery Range |
| 12:55 | Research | Double-Bit Axe |
| 12:56 | Research | Double-Bit Axe |
| 12:59 | Create | Villager (Male) |
| 13:15 | Build | House |
| 13:19 | Build | House |
| 13:28 | Research | Town Watch |
| 13:36 | Create | Archer |
| 13:38 | Create | Archer |
| 13:48 | Build | Blacksmith |
| 13:54 | Create | Villager (Male) |
| 13:56 | Create | Archer |
| 14:19 | Create | Archer |
| 14:19 | Create | Archer |
| 14:27 | Create | Villager (Male) |
| 14:39 | Build | Outpost |
| 14:40 | Build | House |
| 14:49 | Research | Fletching |
| 14:49 | Research | Fletching |
| 14:51 | Create | Villager (Male) |
| 14:59 | Create | Villager (Male) |
| 15:10 | Build | Mill |
| 15:37 | Create | Villager (Male) |
| 15:45 | Create | Archer |
| 15:46 | Create | Archer |
| 16:01 | Create | Villager (Male) |
| 16:06 | Build | Market |
| 16:27 | Build | Palisade Wall |
| 16:28 | Build | Palisade Wall |
| 16:30 | Create | Villager (Male) |
| 16:48 | Create | Villager (Male) |
| 17:10 | Create | Villager (Male) |
| 17:29 | Build | Palisade Wall |
| 17:37 | Build | Palisade Wall |
| 17:45 | Create | Villager (Male) |
| 17:55 | Build | House |
| 18:20 | Create | Archer |
| 18:20 | Create | Archer |
| 18:43 | Build | Mining Camp |
| 19:20 | Research | Castle Age |
| 19:20 | Research | Castle Age |
| 20:15 | Build | Lumber Camp |
| 20:43 | Create | Archer |
| 20:43 | Create | Archer |
| 20:43 | Create | Archer |
| 20:43 | Create | Archer |
| 20:46 | Create | Villager (Male) |
| 22:00 | Age | Castle Age |
| 22:15 | Research | Crossbowman (upgrade) |
| 22:19 | Research | Bodkin Arrow |
| 22:19 | Research | Bodkin Arrow |
| 22:20 | Create | Villager (Male) |
| 22:26 | Build | Town Center |
| 22:34 | Build | Town Center |
| 22:36 | Build | House |
| 22:41 | Build | Stone Wall |
| 22:55 | Create | Villager (Male) |
| 22:56 | Create | Villager (Male) |
| 22:56 | Create | Villager (Male) |
| 22:57 | Create | Villager (Male) |
| 23:06 | Research | Bow Saw |
| 23:07 | Research | Bow Saw |
| 24:18 | Create | Villager (Male) |
| 24:18 | Create | Villager (Male) |
| 24:45 | Build | Siege Workshop |
| 24:49 | Create | Archer |
| 24:49 | Create | Archer |
| 24:50 | Create | Villager (Male) |
| 24:50 | Create | Villager (Male) |
| 25:08 | Build | Town Center |
| 25:23 | Create | Fire Lancer |
| 25:23 | Create | Fire Lancer |
| 25:23 | Create | Fire Lancer |
| 25:23 | Create | Fire Lancer |
| 25:23 | Create | Fire Lancer |
| 25:57 | Create | Mangonel |
| 25:57 | Create | Mangonel |
| 25:59 | Build | House |
| 26:10 | Create | Archer |
| 26:10 | Create | Archer |
| 26:11 | Create | Villager (Male) |
| 26:11 | Create | Villager (Male) |
| 26:11 | Create | Villager (Male) |
| 26:17 | Build | Farm |
| 26:19 | Build | Farm |
| 28:54 | Create | Villager (Male) |
| 28:54 | Create | Villager (Male) |
| 28:54 | Create | Villager (Male) |
| 28:55 | Create | Villager (Male) |
| 28:55 | Create | Villager (Male) |
| 29:13 | Create | Villager (Male) |
| 29:34 | Create | Villager (Male) |
| 29:35 | Create | Villager (Male) |
| 29:39 | Build | House |
| 29:39 | Build | House |
| 29:40 | Build | House |
| 29:41 | Build | House |
| 29:51 | Build | Castle |
| 30:03 | Build | House |
| 30:24 | Build | Lumber Camp |
| 30:28 | Build | Mining Camp |
| 30:33 | Build | House |
| 30:38 | Create | Villager (Male) |
| 30:38 | Create | Villager (Male) |
| 30:38 | Create | Villager (Male) |
| 30:38 | Create | Villager (Male) |
| 30:39 | Create | Villager (Male) |
| 31:04 | Build | Gate |
Match timeline
| 0:42 | Felipe ! · first_building Dock |
| 0:59 | El Eslavo del 8 · first_building Dock |
| 0:59 | MrTian · first_building Dock |
| 1:28 | Justin Bereber · first_building Dock |
| 1:54 | ROSHI EL MAESTRO DEL AGE · first_building Dock |
| 2:18 | Alberto "La cabra" Fernandez · first_building Dock |
| 3:00 | Don Tani · first_building Dock |
| 3:16 | Ronamdz · first_building Dock |
| 11:53 | Alberto "La cabra" Fernandez · first_building Barracks |
| 12:50 | Alberto "La cabra" Fernandez · age_up feudal |
| 12:52 | Alberto "La cabra" Fernandez · first_building Archery Range |
| 13:04 | Felipe ! · age_up feudal |
| 13:35 | Don Tani · age_up feudal |
| 13:41 | Justin Bereber · age_up feudal |
| 13:53 | Felipe ! · first_market_sell 100 stone |
| 14:00 | El Eslavo del 8 · age_up feudal |
| 14:00 | ROSHI EL MAESTRO DEL AGE · age_up feudal |
| 14:00 | Ronamdz · age_up feudal |
| 14:36 | MrTian · age_up feudal |
| 16:27 | Alberto "La cabra" Fernandez · wall_segment Palisade Wall x5 |
| 16:28 | Alberto "La cabra" Fernandez · wall_segment Palisade Wall x10 |
| 16:46 | Felipe ! · age_up castle |
| 17:07 | Ronamdz · wall_segment Stone Wall x9 |
| 17:16 | Felipe ! · first_building Castle |
| 17:29 | Alberto "La cabra" Fernandez · wall_segment Palisade Wall x7 |
| 17:37 | Alberto "La cabra" Fernandez · wall_segment Palisade Wall x9 |
| 17:38 | ROSHI EL MAESTRO DEL AGE · age_up castle |
| 18:06 | Alberto "La cabra" Fernandez · first_market_buy 100 food |
| 18:08 | Alberto "La cabra" Fernandez · first_market_sell 500 wood |
| 18:08 | Don Tani · wall_segment Palisade Wall x6 |
| 18:12 | El Eslavo del 8 · age_up castle |
| 18:17 | El Eslavo del 8 · first_building Monastery |
| 18:19 | Don Tani · age_up castle |
| 18:34 | ROSHI EL MAESTRO DEL AGE · first_building Castle |
| 18:42 | Justin Bereber · age_up castle |
| 18:50 | Don Tani · wall_segment Palisade Wall x10 |
| 19:02 | Justin Bereber · first_building Stable |
| 19:20 | Ronamdz · first_building Barracks |
| 19:28 | Ronamdz · age_up castle |
| 20:44 | Ronamdz · wall_segment Stone Wall x11 |
| 21:05 | El Eslavo del 8 · first_building Siege Workshop |
| 21:14 | El Eslavo del 8 · wall_segment Palisade Wall x1 |
| 21:18 | Felipe ! · first_building Monastery |
| 21:22 | Ronamdz · first_building Castle |
| 21:27 | ROSHI EL MAESTRO DEL AGE · first_building Barracks |
| 21:28 | Don Tani · first_building Castle |
| 21:50 | Ronamdz · wall_segment Stone Wall x4 |
| 22:00 | Alberto "La cabra" Fernandez · age_up castle |
| 22:10 | Ronamdz · wall_segment Stone Wall x1 |
| 22:22 | MrTian · first_building Barracks |
| 22:22 | ROSHI EL MAESTRO DEL AGE · first_building Stable |
| 22:41 | Alberto "La cabra" Fernandez · wall_segment Stone Wall x7 |
| 22:44 | Ronamdz · first_building Monastery |
| 23:14 | MrTian · first_building Archery Range |
| 23:40 | MrTian · age_up castle |
| 23:48 | Justin Bereber · first_building Monastery |
| 23:53 | MrTian · wall_segment Palisade Wall x1 |
| 24:45 | Alberto "La cabra" Fernandez · first_building Siege Workshop |
| 24:51 | ROSHI EL MAESTRO DEL AGE · first_market_buy 100 stone |
| 25:11 | MrTian · wall_segment Palisade Wall x1 |
| 25:13 | MrTian · wall_segment Palisade Wall x1 |
| 25:42 | Justin Bereber · first_building Siege Workshop |
| 25:50 | El Eslavo del 8 · first_building Castle |
| 27:34 | Don Tani · first_building Barracks |
| 28:11 | Ronamdz · first_building Siege Workshop |
| 29:51 | Alberto "La cabra" Fernandez · first_building Castle |
| 30:21 | Felipe ! · first_building Siege Workshop |
| 30:39 | Don Tani · first_building Archery Range |
| 30:46 | Ronamdz · first_market_sell 100 food |
| 31:09 | Alberto "La cabra" Fernandez · wall_segment Stone Wall x3 |
| 31:32 | Ronamdz · first_market_buy 100 wood |
| 32:27 | MrTian · first_building Castle |
| 33:32 | Don Tani · first_building Siege Workshop |
| 33:58 | Ronamdz · age_up imperial |
| 34:44 | ROSHI EL MAESTRO DEL AGE · first_market_sell 100 wood |
| 34:48 | Justin Bereber · first_market_buy 100 food |
| 34:56 | MrTian · first_market_buy 100 food |
| 35:01 | Don Tani · age_up imperial |
| 36:19 | Felipe ! · age_up imperial |
| 36:25 | Alberto "La cabra" Fernandez · first_building Stable |
| 36:34 | Alberto "La cabra" Fernandez · wall_segment Stone Wall x1 |
| 37:10 | Alberto "La cabra" Fernandez · wall_segment Stone Wall x14 |
| 37:51 | El Eslavo del 8 · wall_segment Palisade Wall x1 |
| 38:04 | Justin Bereber · first_building Castle |
| 38:11 | El Eslavo del 8 · first_market_sell 500 food |
| 38:24 | Alberto "La cabra" Fernandez · age_up imperial |
| 38:38 | MrTian · wall_segment Stone Wall x10 |
| 38:41 | Don Tani · first_market_sell 100 stone |
| 39:00 | ROSHI EL MAESTRO DEL AGE · age_up imperial |
| 39:42 | Don Tani · first_market_buy 100 wood |
| 40:02 | MrTian · wall_segment Stone Wall x4 |
| 40:59 | El Eslavo del 8 · first_building Barracks |
| 41:21 | Felipe ! · first_building Barracks |
| 41:26 | El Eslavo del 8 · age_up imperial |
| 41:51 | MrTian · wall_segment Stone Wall x8 |
| 41:55 | El Eslavo del 8 · first_building Stable |
| 42:07 | Felipe ! · first_building Archery Range |
| 42:59 | MrTian · tribute_sent a jugador 1 |
| 42:59 | MrTian · tribute_sent a jugador 2 |
| 42:59 | MrTian · tribute_sent a jugador 3 |
| 42:59 | MrTian · tribute_sent a jugador 4 |
| 42:59 | MrTian · tribute_sent a jugador 6 |
| 42:59 | MrTian · tribute_sent a jugador 7 |
| 42:59 | MrTian · tribute_sent a jugador 8 |
| 43:50 | Ronamdz · first_building Archery Range |
| 44:02 | MrTian · age_up imperial |
| 44:20 | Justin Bereber · age_up imperial |
| 44:49 | MrTian · first_building Stable |
| 44:50 | Felipe ! · first_market_buy 100 stone |
| 48:30 | Don Tani · tribute_sent a jugador 1 |
| 48:30 | Don Tani · tribute_sent a jugador 3 |
| 48:30 | Don Tani · tribute_sent a jugador 4 |
| 48:30 | Don Tani · tribute_sent a jugador 5 |
| 48:30 | Don Tani · tribute_sent a jugador 6 |
| 48:30 | Don Tani · tribute_sent a jugador 7 |
| 48:30 | Don Tani · tribute_sent a jugador 8 |
| 48:50 | MrTian · first_market_sell 100 food |
| 49:20 | Don Tani · tribute_sent a jugador 1 |
| 49:20 | Don Tani · tribute_sent a jugador 3 |
| 49:20 | Don Tani · tribute_sent a jugador 4 |
| 49:20 | Don Tani · tribute_sent a jugador 5 |
| 49:20 | Don Tani · tribute_sent a jugador 6 |
| 49:20 | Don Tani · tribute_sent a jugador 7 |
| 49:20 | Don Tani · tribute_sent a jugador 8 |
| 51:30 | Alberto "La cabra" Fernandez · wall_segment Stone Wall x12 |
| 51:39 | Alberto "La cabra" Fernandez · wall_segment Stone Wall x10 |
| 55:02 | El Eslavo del 8 · first_building Archery Range |
| 55:36 | Felipe ! · tribute_sent a jugador 1 |
| 55:36 | Felipe ! · tribute_sent a jugador 2 |
| 55:36 | Felipe ! · tribute_sent a jugador 3 |
| 55:36 | Felipe ! · tribute_sent a jugador 4 |
| 55:36 | Felipe ! · tribute_sent a jugador 5 |
| 55:36 | Felipe ! · tribute_sent a jugador 6 |
| 55:36 | Felipe ! · tribute_sent a jugador 8 |
| 55:39 | MrTian · wall_segment Stone Wall x16 |
| 57:36 | Felipe ! · tribute_sent a jugador 1 |
| 57:36 | Felipe ! · tribute_sent a jugador 2 |
| 57:36 | Felipe ! · tribute_sent a jugador 3 |
| 57:36 | Felipe ! · tribute_sent a jugador 4 |
| 57:36 | Felipe ! · tribute_sent a jugador 5 |
| 57:36 | Felipe ! · tribute_sent a jugador 6 |
| 57:36 | Felipe ! · tribute_sent a jugador 8 |
| 57:41 | MrTian · tribute_sent a jugador 1 |
| 57:41 | MrTian · tribute_sent a jugador 2 |
| 57:41 | MrTian · tribute_sent a jugador 3 |
| 57:41 | MrTian · tribute_sent a jugador 4 |
| 57:41 | MrTian · tribute_sent a jugador 6 |
| 57:41 | MrTian · tribute_sent a jugador 7 |
| 57:41 | MrTian · tribute_sent a jugador 8 |
| 61:15 | Justin Bereber · first_building Archery Range |
| 61:18 | Felipe ! · tribute_sent a jugador 1 |
| 61:18 | Felipe ! · tribute_sent a jugador 2 |
| 61:18 | Felipe ! · tribute_sent a jugador 3 |
| 61:18 | Felipe ! · tribute_sent a jugador 4 |
| 61:18 | Felipe ! · tribute_sent a jugador 5 |
| 61:18 | Felipe ! · tribute_sent a jugador 6 |
| 61:18 | Felipe ! · tribute_sent a jugador 8 |
| 63:36 | Don Tani · tribute_sent a jugador 1 |
| 63:36 | Don Tani · tribute_sent a jugador 3 |
| 63:36 | Don Tani · tribute_sent a jugador 4 |
| 63:36 | Don Tani · tribute_sent a jugador 5 |
| 63:36 | Don Tani · tribute_sent a jugador 6 |
| 63:36 | Don Tani · tribute_sent a jugador 7 |
| 63:36 | Don Tani · tribute_sent a jugador 8 |
| 64:28 | Justin Bereber · first_market_sell 100 food |
| 65:13 | MrTian · tribute_sent a jugador 1 |
| 65:13 | MrTian · tribute_sent a jugador 2 |
| 65:13 | MrTian · tribute_sent a jugador 3 |
| 65:13 | MrTian · tribute_sent a jugador 4 |
| 65:13 | MrTian · tribute_sent a jugador 6 |
| 65:13 | MrTian · tribute_sent a jugador 7 |
| 65:13 | MrTian · tribute_sent a jugador 8 |
| 65:28 | Justin Bereber · resign |
[ AI ANALYSIS · 1 CREDIT ]
What really happened in this match?
Wolo.gg analyzes every decision: build order, eco, micro, common mistakes by bracket. Personalized analysis on WhatsApp or Discord in 30 seconds.
Civ guide
Georgians
Map guide
Nomad
Perfil
Jugador #24886607